 Dungeon Crawl Stone Soup version 0.24.0-13-gcf9b319 (webtiles) character file.

Game seed: 3890022639377139262, levelgen mode: deterministic

7581 Bronimir the Destroyer (level 11, 0/60 HPs)
             Began as a Tengu Fire Elementalist on Mar 27, 2020.
             Was a Priest of Vehumet.
             Slain by a cyan ugly thing (15 damage)
             ... on level 9 of the Dungeon on Mar 28, 2020.
             The game lasted 00:40:58 (13635 turns).

Bronimir the Destroyer (Tengu Fire Elementalist)   Turns: 13635, Time: 00:40:59

Health: 0/60       AC: 13    Str: 11    XL:     11   Next: 17%
Magic:  11/22      EV: 16    Int: 16    God:    Vehumet [***...]
Gold:   378        SH:  0    Dex: 22    Spells: 8/24 levels left

rFire    . . .     SeeInvis .   a - +1 falchion (vamp)
rCold    . . .     Gourm    .   (no shield)
rNeg     . . .     Faith    .   d - +1 ring mail
rPois    .         Spirit   .   (helmet restricted)
rElec    .         Reflect  .   v - +2 cloak
rCorr    .         Harm     .   I - +1 pair of gloves of Egalitarianism {Dex+7}
MR       .....                  (boots unavailable)
Stlth    ++........             (no amulet)
HPRegen  0.20/turn              y - ring of wizardry
MPRegen  0.18/turn              P - ring of wizardry

@: flying quickly and evasively, quick
A: beak, talons 3, able to fly
a: Stop Flying, Renounce Religion


You were on level 9 of the Dungeon.
You worshipped Vehumet.
Vehumet was most pleased with you.
You were not hungry.

You visited 2 branches of the dungeon, and saw 10 of its levels.

You collected 378 gold pieces.

Inventory:

Hand Weapons
 a - a +1 vampiric falchion (weapon)
 b - a +0 hunting sling
 n - a cursed +4 morningstar of freezing
 t - a +1 dagger of venom
 N - a +1 spear
 U - a +1 falchion of electrocution
 V - a cursed +3 battleaxe
 W - a +3 spear
Missiles
 f - 159 arrows
 h - 48 poisoned darts (quivered)
 i - 79 sling bullets
 m - 60 bolts
 o - 290 stones
Armour
 d - a +1 ring mail (worn)
 e - a +0 scale mail
 v - a +2 cloak (worn)
 x - a +0 leather armour
 I - the +1 pair of gloves of Egalitarianism (worn) {Dex+7}
   (You found it on level 5 of the Dungeon)

   It affects your dexterity (+7).
Magical Staves
 g - an uncursed staff of earth
 J - an uncursed staff of power
 Q - an uncursed staff of death
Jewellery
 r - an uncursed ring of resist corrosion
 y - a ring of wizardry (left hand)
 P - a ring of wizardry (right hand)
Wands
 w - a wand of iceblast (16)
 F - a wand of paralysis (8)
 G - a wand of random effects (20)
 H - a wand of polymorph (10)
 R - a wand of disintegration (14)
Scrolls
 l - 7 scrolls of teleportation
 u - 6 scrolls of identify
 E - a scroll of fear
 K - a scroll of amnesia
 L - 3 scrolls of remove curse
 O - a scroll of magic mapping
 S - a scroll of enchant weapon
 T - a scroll of blinking {unknown}
Potions
 j - 3 potions of haste
 k - a potion of ambrosia
 p - a potion of curing
 q - 2 potions of heal wounds {unknown}
 s - 2 potions of berserk rage {unknown}
 z - a potion of brilliance {unknown}
 A - 2 potions of might {unknown}
 B - 4 potions of mutation {unknown}
 C - 2 potions of resistance {unknown}
 D - a potion of cancellation {unknown}
 M - a potion of flight {unknown}
Comestibles
 c - 9 rations


   Skills:
 + Level 3.4 Fighting
 + Level 0.2(2.5) Short Blades
 + Level 4.2 Long Blades
 + Level 0.7 Polearms
 + Level 3.7 Slings
 * Level 7.0 Armour
 + Level 4.1 Dodging
 - Level 2.0 Stealth
 * Level 7.2 Spellcasting
 * Level 10.4 Conjurations
 * Level 9.3 Fire Magic
 + Level 0.3 Evocations


You had 8 spell levels left.
You knew the following spells:

 Your Spells              Type           Power        Failure   Level  Hunger
a - Flame Tongue          Conj/Fire      #####        1%          1    None
b - Throw Flame           Conj/Fire      #####.       1%          2    None
c - Conjure Flame         Conj/Fire      #####...     1%          3    ##.....
d - Sticky Flame          Conj/Fire      #####...     1%          4    ####...
e - Fireball              Conj/Fire      #####.....   1%          5    #####..
f - Sting                 Conj/Pois      ###.         1%          1    None

Your spell library contained the following spells:

 Spells                   Type           Power        Failure   Level  Hunger
 Stone Arrow              Conj/Erth      ###...       1%          3    ##.....
 Inner Flame              Hex/Fire       ###.....     1%          3    ##.....


Dungeon Overview and Level Annotations

Branches:
Dungeon (9/15)             Temple (1/1) D:6
   Lair: D:8-11         Orc: D:9-12

Altars:
Ashenzari
Cheibriados
Dithmenos
Elyvilon
Fedhas
Gozag
Hepliaklqana
Kikubaaqudgha
Makhleb
Nemelex Xobeh
Okawaru
Qazlal
Ru
Sif Muna
Trog
Uskayaw
Vehumet
Wu Jian
Xom
Yredelemnul
Zin
The Shining One

Shops:
D:8 *


Innate Abilities, Weirdness & Mutations

You have a beak for a mouth.
You have claws for feet.
You can fly continuously.


Message History

The sting hits the cyan ugly thing.
The cyan ugly thing is poisoned.
The cyan ugly thing is moderately wounded.
The cyan ugly thing burns!
The cyan ugly thing stops burning.
The cyan ugly thing misses you.
Casting: Sting (safe; 1% risk of failure)
Confirm with . or Enter, or press ? or * to list all spells.
Aiming: Sticky Flame (safe; 1% risk of failure)
Press: ? - help, Shift-Dir - straight line, f/p - cyan ugly thing
Aim: a cyan ugly thing (heavily wounded, poisoned)
The sticky flame hits the cyan ugly thing.
The cyan ugly thing is heavily wounded.
The cyan ugly thing is covered in liquid flames!
The cyan ugly thing burns!
The cyan ugly thing closely misses you.
You hit the cyan ugly thing.
You feel better.
Your kick misses the cyan ugly thing. Your peck misses the cyan ugly thing.
The cyan ugly thing is heavily wounded.
The cyan ugly thing burns!
The cyan ugly thing kicks you!
* * * LOW HITPOINT WARNING * * *
The cyan ugly thing shocks you!
You die...

.. . #. #. . .##. #.#
###.. ...## #..### #...
#..## ...###..# #..#
#.##..##
####..#######.u@...#
##...........#......####
#........................
...............##########
...............#
......)).......#
.......<.[[....#
.......[....>..#
........[[.....#


You could see a cyan ugly thing (burning).

Vanquished Creatures
  Harold (D:8)
  Pikel (D:8)
  Joseph (D:8)
  2 hippogriffs (D:8)
  4 yaks
  5 humans (D:6)
  Menkaure (D:4)
  2 orc warriors
  2 slaves (D:8)
  4 ice beasts
  3 sky beasts
  4 ogres
  A phantom (D:8)
  A crocodile (D:5)
  5 bullfrogs
  A big kobold (D:8)
  6 scorpions
  3 killer bees
  16 wights
  5 howler monkeys
  5 crimson imps
  A jelly (D:8)
  2 hounds
  9 orc priests
  13 orc wizards
  A bullfrog skeleton (D:6)
  2 iguanas
  A centaur skeleton (D:9)
  3 worker ants
  A hound skeleton (D:7)
  2 worker ant zombies
  7 gnolls
  2 howler monkey skeletons
  10 adders
  2 oozes
  6 adder skeletons
  3 worms
  2 dart slugs
  4 leopard geckos
  24 orcs
  14 bats
  3 giant cockroaches
  8 goblins
  12 hobgoblins
  10 jackals
  2 quokkas
  2 ball pythons
  5 frilled lizards
  14 kobolds
  9 rats
247 creatures vanquished.

Notes
Turn   | Place    | Note
-------+----------+-------------------------------------------
     0 | D:1      | Bronimir the Tengu Fire Elementalist began the quest for
                  | the Orb.
     0 | D:1      | Reached XP level 1. HP: 10/10 MP: 4/4
   418 | D:1      | Reached XP level 2. HP: 15/15 MP: 6/6
  1059 | D:1      | Reached XP level 3. HP: 19/19 MP: 7/7
  1874 | D:2      | Reached skill level 1 in Armour
  1874 | D:2      | Reached XP level 4. HP: 15/24 MP: 3/8
  2280 | D:2      | Reached skill level 1 in Slings
  2352 | D:2      | Reached skill level 1 in Fighting
  2604 | D:2      | Gained mutation: You can fly continuously. [Tengu growth]
  2604 | D:2      | Reached XP level 5. HP: 12/29 MP: 7/10
  2617 | D:2      | HP: 1/29 [poisoned by an adder]
  3840 | D:3      | Learned a level 2 spell: Throw Flame
  3844 | D:3      | Learned a level 3 spell: Conjure Flame
  3849 | D:3      | Learned a level 4 spell: Sticky Flame
  3933 | D:3      | Reached skill level 2 in Conjurations
  3933 | D:3      | Reached XP level 6. HP: 24/35 MP: 1/11
  4428 | D:3      | Found a snail-covered altar of Cheibriados.
  4817 | D:4      | Noticed Menkaure
  4824 | D:4      | Killed Menkaure
  5218 | D:3      | Reached XP level 7. HP: 15/40 MP: 7/13
  5502 | D:4      | Reached skill level 3 in Conjurations
  5612 | D:4      | Found a hide-covered altar of Uskayaw.
  6076 | D:4      | Reached skill level 5 in Fire Magic
  6422 | D:5      | Entered Level 5 of the Dungeon
  6692 | D:5      | Reached skill level 4 in Conjurations
  6692 | D:5      | Reached XP level 8. HP: 25/44 MP: 6/14
  6834 | D:5      | Reached skill level 1 in Long Blades
  7176 | D:5      | Found a sacrificial altar of Ru.
  7374 | D:5      | Got a pair of smoking gloves
  7385 | D:5      | Identified the +1 pair of gloves of Egalitarianism {Dex+7}
                  | (You found it on level 5 of the Dungeon)
  7601 | D:6      | Found a staircase to the Ecumenical Temple.
  7957 | D:6      | Reached skill level 5 in Conjurations
  7964 | D:6      | Learned a level 5 spell: Fireball
  7994 | Temple   | Entered the Ecumenical Temple
  8194 | Temple   | Became a worshipper of Vehumet
  8488 | D:6      | Found a shattered altar of Ashenzari.
  8712 | D:6      | Reached skill level 6 in Conjurations
  8712 | D:6      | Reached XP level 9. HP: 22/49 MP: 7/16
  8716 | D:6      | Reached skill level 5 in Armour
  9438 | D:6      | Reached skill level 7 in Conjurations
  9838 | D:7      | Reached skill level 5 in Spellcasting
  9986 | D:7      | Reached * piety under Vehumet
  9986 | D:7      | Offered knowledge of Sandblast by Vehumet.
 10175 | D:7      | Found a sparkling altar of Nemelex Xobeh.
 10193 | D:7      | Reached skill level 8 in Conjurations
 10630 | D:8      | Reached XP level 10. HP: 50/55 MP: 12/19
 10724 | D:8      | Found Nexer's Elemental Accessories.
 11098 | D:8      | Offered knowledge of Sting by Vehumet.
 11107 | D:8      | Reached ** piety under Vehumet
 11288 | D:8      | Found a burning altar of Makhleb.
 11288 | D:8      | Noticed a blizzard demon
 11524 | D:8      | Noticed Joseph
 11553 | D:8      | Killed Joseph
 11994 | D:8      | Found a hazy altar of Hepliaklqana.
 11996 | D:8      | Learned a level 1 spell: Sting
 12076 | D:8      | Reached skill level 9 in Conjurations
 12555 | D:9      | Noticed Harold
 12794 | D:8      | Killed Harold
 12978 | D:8      | Offered knowledge of Stone Arrow by Vehumet.
 12978 | D:8      | Reached skill level 10 in Conjurations
 13108 | D:8      | Reached XP level 11. HP: 49/60 MP: 18/22
 13222 | D:9      | Reached *** piety under Vehumet
 13226 | D:9      | Noticed Pikel
 13365 | D:8      | Killed Pikel
 13624 | D:9      | Noticed a cyan ugly thing
 13635 | D:9      | Slain by a cyan ugly thing

Levels and vault maps discovered:
D:1:      matt_arrival_spirals, layout_loops_ring, serial_co_window_serial,
          co_window_paths_a, co_window_paths_a, co_window_paths_a,
          co_window_corner_a, co_window_paths_b, co_window_unsneaky_path_e,
          co_window_broadway_c, co_window_unsneaky_path_e, co_window_broadway_a
D:2:      layout_basic, first_ration, minmay_joined_circles
D:3:      minmay_door_path, layout_basic, cheibriados_altar_1, solitary_fountain
D:4:      layout_basic, eat_drink_and_be_merry_uskayaw, minmay_bisected,
          uniq_menkaure
D:5:      layout_gridville, lemuel_coloured_pillars_altar
D:6:      layout_rooms, cheibrodos_ashenzari_chains, minmay_temple_entry_glass,
          minmay_ruffians
D:7:      layout_loops_ring, nemelex_xobeh_ov_fountains_minmay,
          kennysheep_generic_room_3
D:8:      layout_basic, kennysheep_little_box, makhleb_altar_promises_db,
          nicolae_elemental_shop, uniq_joseph
D:9:      layout_rooms, hangedman_fish_farm, uniq_harold, uniq_pikel
Temple:   regret_index_temple_generic_petals

Skill      XL: |  1  2  3  4  5  6  7  8  9 10 11 |
---------------+----------------------------------+-----
Fire Magic     | 4 5 6 8 9 |  9.3
Armour         | 1 2 3 4 5 6 7 |  7.0
Slings         | 1 2 3 |  3.7
Fighting       | 1 2 3 |  3.4
Spellcasting   | 3 4 5 6 7 |  7.2
Conjurations   | 2 4 6 8 10 | 10.4
Long Blades    | 2 3 4 |  4.2
Dodging        | 3 4 |  4.1
Short Blades   | |  0.2
Polearms       | |  0.7
Stealth        | |  2.0
Evocations     | |  0.3

Action                   |  1- 3 |  4- 6 |  7- 9 | 10-12 || total
-------------------------+-------+-------+-------+-------++-------
Melee: Unarmed           |     3 |       |       |       ||     3
       Kick              |     6 |       |    57 |    45 ||   108
       Dagger            |    15 |       |       |       ||    15
       Peck              |     1 |       |    23 |    26 ||    50
       Mace              |     2 |       |       |       ||     2
       Spear             |       |    14 |    15 |       ||    29
       Long sword        |       |       |    58 |       ||    58
       Falchion          |       |       |    39 |    53 ||    92
       Staff             |       |       |       |    26 ||    26
 Fire: Hunting sling     |    25 |   143 |    10 |       ||   178
 Cast: Flame Tongue      |    27 |    81 |   155 |    22 ||   285
       Throw Flame       |       |       |    31 |     5 ||    36
       Sticky Flame      |       |       |    16 |    69 ||    85
       Fireball          |       |       |       |    21 ||    21
       Sting             |       |       |       |     5 ||     5
 Abil: Fly               |       |       |     1 |       ||     1
Evoke: Wand              |       |       |     2 |     2 ||     4
  Use: Potion            |       |     3 |       |     1 ||     4
       Scroll            |       |       |    12 |     1 ||    13
 Stab: Sleeping          |     2 |     2 |     1 |       ||     5
  Eat: Ration            |     1 |     1 |     3 |     4 ||     9
       Chunk             |       |     8 |     9 |    13 ||    30
Armor: Robe              |     1 |     5 |       |       ||     6
       Leather armour    |       |    70 |    62 |    35 ||   167
       Ring mail         |       |       |       |    70 ||    70
Dodge: Dodged            |    31 |   117 |   182 |   207 ||   537
       Rpst.: Long sword |       |       |    31 |       ||    31
       Falchion          |       |       |    17 |    34 ||    51
